 Dungeon Crawl Stone Soup version 0.26-b1-32-g5d43845318 (webtiles) character file.

Game seed: 7037052816827474023

46 salade2fruit the Insei (level 3, 0/23 HPs)
             Began as an Octopode Transmuter on Jan 9, 2021.
             Slain by an ooze (4 damage)
             ... on level 1 of the Dungeon.
             The game lasted 00:03:08 (1416 turns).

salade2fruit the Insei (Octopode Transmuter)        Turns: 1416, Time: 00:03:08

Health: 0/23       AC:  1    Str:  9    XL:     3   Next: 66%
Magic:  6/6        EV: 13    Int: 16    God:
Gold:   55         SH:  0    Dex: 12    Spells: 5/6 levels left

rFire    . . .     SeeInvis .     - Unarmed
rCold    . . .     Faith    .   (no shield)
rNeg     . . .     Spirit   .   (helmet restricted)
rPois    .         Reflect  .   (no amulet)
rElec    .         Harm     .   (no ring)
rCorr    .         Rampage  .   (no ring)
Will     .....                  (no ring)
Stlth    +++.......             (no ring)
HPRegen  0.07/turn              (no ring)
MPRegen  0.10/turn              (no ring)
                                (no ring)
                                (no ring)

@: no status effects
A: almost no armour, stealthy swim, amphibious, 8 rings, constrict 8, camouflage
1, gelatinous body 1
a: no special abilities


You were on level 1 of the Dungeon.
You visited 1 branch of the dungeon, and saw 2 of its levels.

You collected 55 gold pieces.

Inventory:

Armour
 a - a +2 buckler
Jewellery
 e - an uncursed ring of fire
Scrolls
 b - a scroll of identify {unknown}
 c - a scroll of immolation {unknown}
 d - 2 scrolls of blinking {unknown}
 f - a scroll of fog {unknown}
 i - a scroll of fear {unknown}
Potions
 g - a potion of magic {unknown}
 h - a potion of heal wounds {unknown}
 j - a potion of lignification {unknown}


   Skills:
 - Level 1.0 Fighting
 - Level 2.0 Dodging
 + Level 2.5 Stealth
 + Level 3.6 Unarmed Combat
 - Level 2.0 Spellcasting
 + Level 2.7 Transmutations


You had 5 spell levels left.
You knew the following spells:

 Your Spells              Type           Power        Failure   Level
a - Beastly Appendage     Tmut           20%          7%          1

Your spell library contained the following spells:

 Spells                   Type           Power        Failure   Level
 Wereblood                Tmut           10%          11%         2
 Spider Form              Tmut/Pois      2%           34%         3
 Ice Form                 Ice/Tmut       5%           75%         4
 Blade Hands              Tmut           5%           88%         5


Dungeon Overview and Level Annotations

Branches:
Dungeon (2/15)

Altars:
Xom


Innate Abilities, Weirdness & Mutations

You cannot wear most types of armour.
You are very stealthy in the water. (Stealth+)
You are amphibious.
You can wear up to eight rings at the same time.
You can use your tentacles to constrict eight enemies at once.
Your skin changes colour to match your surroundings (Stealth+).
Your rubbery body absorbs attacks. (AC +1, EV +1)


Message History

The bat barely misses you. The bat closely misses you.
The bat hits you but does no damage. The bat hits you.
* * * LOW HITPOINT WARNING * * *
The bat closely misses you.
Okay, then.
Okay, then.
You barely miss the bat. Your grab misses the bat. The bat barely misses you.
You closely miss the bat. Your grab misses the bat. You squeeze the bat.
The bat is severely wounded.
The bat closely misses you.
You tentacle-slap the bat.
You kill the bat!
You tentacle-slap the ooze. You squeeze the ooze.
The ooze is severely wounded.
The ooze barely misses you.
You tentacle-slap the ooze.
The ooze is almost dead.
The ooze hits you.
You die...

########..........#......
#.##.............. ####
####.###.#####.###
...############ #...#.#...#.#..
...#..........# #.###.###.###.#
..†#..........# #.#..>..#....>#
...#.......>..# #.#.###.#.###.#
...#......)...#####.#.#.#.#.#.#..
...#...........J@...###.###.#.###
............>.#####........>#.^..
####..........# #.###.###.#.###
..............#####.#.#.#.#.#.#..
..............).....#.###.#.###.#
..............#####.#..>..#....>#
####....####### #...###.###.###.#
..†...#.# #..)..#.#...#.#..
........# #...###.#####.###


You could see an ooze.

Vanquished Creatures
  3 worms (D:2)
  A dart slug (D:1)
  A giant cockroach (D:2)
  9 goblins
  6 hobgoblins
  A ball python (D:1)
  5 bats
  4 frilled lizards (D:1)
  2 kobolds (D:1)
  A rat (D:1)
33 creatures vanquished.

Vanquished Creatures (others)
  A bat (D:2)
1 creature vanquished.

Grand Total: 34 creatures vanquished

Notes
Turn   | Place    | Note
-------+----------+-------------------------------------------
     0 | D:1      | salade2fruit the Octopode Transmuter began the quest for
                  | the Orb.
     0 | D:1      | Reached XP level 1. HP: 13/13 MP: 3/3
   110 | D:1      | Reached skill level 1 in Stealth
   112 | D:1      | Reached XP level 2. HP: 18/18 MP: 5/5
   502 | D:1      | Reached XP level 3. HP: 16/23 MP: 6/6
   845 | D:2      | Found a shimmering altar of Xom.
  1416 | D:1      | Slain by an ooze

Illustrated notes

Levels and vault maps discovered:
D:1:      evilmike_arrival_hilbert_curve, layout_rooms
D:2:      cheibrodos_pilgrimage, layout_basic, xom_teletrap_fun,
          minmay_door_square, lemuel_flame_loot_1

Skill      XL: |  1  2 |
---------------+-------+-----
Stealth        | 1 2 |  2.5
Fighting       | |  1.0
Dodging        | |  2.0
Unarmed Combat | |  3.6
Spellcasting   | |  2.0
Transmutations | |  2.7

Action                   || total
-------------------------++-------
Melee: Unarmed           ||    76
       Tentacles         ||    14
       Constrict         ||    21
       Kick              ||    19
       Punch             ||     3
 Cast: Beastly Appendage ||    19
 Stab: Sleeping          ||     3
Armor: Skin              ||     5
Dodge: Dodged            ||    48
